 Dungeon Crawl Stone Soup version 0.14-a0-50-gc6ee670 (webtiles) character file.

55 4tharraofdagon the Vexing (level 2, -6/13 HPs)
             Began as a Spriggan Enchanter on Sept 29, 2013.
             Mangled by a gnoll
             ... wielding a +0,+0 halberd
              (13 damage)
             ... on Level 4 of the Dungeon.
             The game lasted 00:01:46 (367 turns).

4tharraofdagon the Vexing (Spriggan Enchanter)       Turns: 367, Time: 00:01:46

HP  -6/13        AC  3     Str  4      XL: 2   Next:  3%
MP   0/6         EV 18     Int 16      God:
Gold 46          SH  0     Dex 16      Spells:  2 memorised,  1 level left

Res.Fire  : . . .   See Invis. : +   a - +1 dagger
Res.Cold  : . . .   Warding    : .   b - +1 robe
Life Prot.: . . .   Conserve   : .   (shield restricted)
Res.Poison: .       Res.Corr.  : .   (helmet restricted)
Res.Elec. : .       Clarity    : .   (no cloak)
Sust.Abil.: . .     Spirit.Shd : .   (gloves unavailable)
Res.Mut.  : .       Stasis     : .   (boots unavailable)
Res.Rott. : .       Flight     : .   (no amulet)
Saprovore : . . .                    (no ring)
                                     (no ring)

@: very slightly contaminated, very quick, slightly resistant to hostile
enchantments, stealthy
A: unfitting armour, see invisible, herbivore 3, speed 3, slow metabolism 2
a: no special abilities


You were on level 4 of the Dungeon.
You were not hungry.

You visited 1 branch of the dungeon, and saw 4 of its levels.

You collected 26 gold pieces.

Inventory:

Hand weapons
 a - a +1,+1 dagger (weapon)
Missiles
 d - 12 darts (quivered)
Armour
 b - a +1 robe (worn)
Scrolls
 f - a scroll of remove curse {unknown}
 g - a scroll of curse weapon {unknown}
 h - 2 scrolls of random uselessness {unknown}
 i - a scroll of blinking {unknown}
 j - 2 scrolls of teleportation {unknown}
 k - a scroll of enchant weapon II {unknown}
 m - a scroll of identify {unknown}
 n - a scroll of noise {unknown}
Potions
 e - a potion of porridge
 l - a potion of restore abilities {unknown}
Books
 c - a book of Maledictions

   Spells                             Type                      Level
   *Corona                            Hexes                        1
   Sure Blade                         Hexes/Charms                 2
   *Ensorcelled Hibernation           Hexes/Ice                    2
   Confuse                            Hexes                        3
   Enslavement                        Hexes                        4
   Invisibility                       Hexes                        6


   Skills:
 * Level 1.8 Short Blades
 - Level 1.1 Throwing
 - Level 3.0 Dodging
 * Level 3.4 Stealth
 + Level 1.6 Spellcasting
 + Level 3.6 Hexes


You had one spell level left.
You knew the following spells:

 Your Spells              Type           Power        Failure   Level  Hunger
a - Corona                Hex            ##.....      6%          1    ##.....
b - Ensorcelled Hibernat  Hex/Ice        #.....       17%         2    ###....


Dungeon Overview and Level Annotations

Branches:
Dungeon (4/27)
 Temple: D:4-7

Altars:


Innate Abilities, Weirdness & Mutations

You are tiny and cannot use many weapons and most armour.
You have supernaturally acute eyesight.
You are a herbivore.
You cover ground extremely quickly.
You need consume almost no food.


Message History

Aiming: Ensorcelled Hibernation
Press: ? - help, Shift-Dir - straight line, f - gnoll
Aim: a gnoll, wielding a halberd The gnoll easily resists.
The gnoll completely misses you.
Casting: Ensorcelled Hibernation
Confirm with . or Enter, or press ? or * to list all spells.
Aiming: Ensorcelled Hibernation
Press: ? - help, Shift-Dir - straight line, f/p - gnoll
Aim: a gnoll, wielding a halberd The gnoll easily resists.
The gnoll hits you with a halberd.
Casting: Ensorcelled Hibernation
Confirm with . or Enter, or press ? or * to list all spells.
Aiming: Ensorcelled Hibernation
Press: ? - help, Shift-Dir - straight line, f/p - gnoll
Aim: a gnoll, wielding a halberd You miscast Ensorcelled Hibernation.
You are very lightly contaminated with residual magic.
Nothing appears to happen.
The gnoll hits you with a halberd!
Ouch! That really hurt!
You die...

.....# #.# #.#
########..####.# #.#
................###.####
.......................?.
....................#...
#..####........P...# #
####..####...#
#'##g)#...# #.)@..#...#.
#([#####..#.#... ##+#
#..#.#... #..#.#..#
##..#.#..# #...#.#..#
#...#.#..# #...#.#..#
#.....#..#####


You could see a gnoll.

Vanquished Creatures
  3 goblins
  A hobgoblin (D:1)
  4 bats
  2 giant newts
10 creatures vanquished.

Notes
Turn   | Place    | Note
--------------------------------------------------------------
     0 | D:1      | 4tharraofdagon, the Spriggan Enchanter, began the quest for the Orb.
     0 | D:1      | Reached XP level 1. HP: 9/9 MP: 4/4
   192 | D:2      | You fall through a shaft!
   286 | D:3      | Reached XP level 2. HP: 7/13 MP: 6/6
   298 | D:3      | Learned a level 2 spell: Ensorcelled Hibernation
   367 | D:4      | Mangled by a gnoll

Action                   || total
-------------------------++-------
Melee: Dagger            ||    27
 Cast: Corona            ||     2
       Ensorcelled Hiber ||     2
 Stab: Sleeping          ||     2
